 Dungeon Crawl Stone Soup version 0.27-a0-1557-g57f10a3 (webtiles) character file.

Game seed: 1205584925624559413

48 Think the Ducker (level 3, 0/26 HPs)
             Began as an Octopode Fighter on July 15, 2021.
             Slain by a gnoll (6 damage)
             ... on level 2 of the Dungeon.
             The game lasted 00:02:46 (1139 turns).

Think the Ducker (Octopode Fighter)                 Turns: 1139, Time: 00:02:47

Health: 0/26       AC:  1    Str: 15    XL:     3   Next: 72%
Magic:  3/3        EV: 11    Int: 10    God:
Gold:   27         SH:  8    Dex: 12    Spells: 2/2 levels left

rFire    . . .     SeeInvis .   f - +3 short sword
rCold    . . .     Faith    .   b - +0 kite shield
rNeg     . . .     Spirit   .   (helmet restricted)
rPois    .         Reflect  .   (no amulet)
rElec    .         Harm     .   (no ring)
rCorr    .         Rampage  .   (no ring)
Will     .....                  (no ring)
Stlth    ++........             (no ring)
HPRegen  0.08/turn              (no ring)
MPRegen  0.08/turn              (no ring)
                                (no ring)
                                (no ring)

@: no status effects
A: almost no armour, amphibious, 8 rings, camouflage 1, gelatinous body 1,
(nimble swimmer 1), tentacles
a: no special abilities


You were on level 2 of the Dungeon.
You visited 1 branch of the dungeon, and saw 2 of its levels.

You collected 27 gold pieces.

Inventory:

Hand Weapons
 a - a +0 rapier
 f - a +3 short sword (weapon)
Armour
 b - a +0 kite shield (worn)
Scrolls
 d - a scroll of identify {unknown}
 e - a scroll of teleportation {unknown}
Potions
 c - 2 potions of might
 g - 2 potions of heal wounds {unknown}
 h - a potion of brilliance {unknown}


   Skills:
 - Level 3.2 Fighting
 + Level 2.9 Short Blades
 - Level 3.5 Dodging
 - Level 0.2 Stealth
 - Level 3.2 Shields


You had 2 spell levels left.
You didn't know any spells.
Your spell library contained the following spells:

 Spells                   Type           Power      Damage    Failure   Level
 Apportation              Tloc           0%         N/A       86%         1
 Alistair's Intoxication  Tmut/Pois      0%         N/A       100%        5
 Invisibility             Hex            0%         N/A       100%        6


Dungeon Overview and Level Annotations

Branches:
Dungeon (2/15)

Altars:
Kikubaaqudgha


Innate Abilities, Weirdness & Mutations

You cannot wear most types of armour.
You are amphibious.
You can wear up to eight rings at the same time.
Your skin changes colour to match your surroundings (Stealth+).
Your rubbery body absorbs attacks. (AC +1, EV +1)
((You are camouflaged near water. (Stealth+)))
You have tentacles for arms and can constrict up to eight enemies at once.


Message History

There is a stone staircase leading down here.
There is a stone staircase leading down here.
You climb downwards.
Found an emerald potion.
Found a stone staircase leading down.
There is a stone staircase leading up here.
h - an emerald potion
Found a stone staircase leading down.
A kobold is nearby!
There is a stone staircase leading down here.
The kobold hits you but does no damage.
You closely miss the kobold. You grab the kobold. You constrict the kobold.
The kobold hits you with a +0 dagger.
You puncture the kobold!
You kill the kobold!
Found 7 gold pieces.
The gnoll shouts!
You hear an angry hiss.
An adder comes into view.
Found an ancient bone altar of Kikubaaqudgha.
The adder hisses angrily.
The gnoll hits you with a +0 spear. The gnoll closely misses you.
The gnoll hits you with a +0 halberd.
You hit the gnoll. Your grab misses the gnoll.
The gnoll is moderately wounded.
You block the gnoll's attack. The gnoll hits you with a +0 halberd!
The gnoll barely misses you.
You closely miss the gnoll. You grab the gnoll.
The gnoll is moderately wounded.
You constrict the gnoll. You block the gnoll's attack. x2
The adder closely misses you.
You hit the gnoll.
You squeeze the gnoll, but do no damage.
The gnoll is severely wounded.
You constrict the gnoll.
You kill the gnoll!
You block the adder's attack.
The gnoll hits you from afar with a +0 spear.
* * * LOW HITPOINT WARNING * * *
You miss the adder. Your grab misses the adder. You block the adder's attack.
The gnoll hits you from afar with a +0 spear.
You die...

#$........##.###.
+.........##.# #.
#.......)..>.###.
#.....(...#####..
######.#### #.. .
#.$....# #.. ...
#......# ###
.....####g..$..#
._....)@.......#
......S........#
............<..#
.#........)....#
#......#......#
#.######....$.#
#. ######## #


You could see a gnoll and an adder.

Vanquished Creatures
  2 gnolls (D:2)
  A dart slug (D:1)
  A ball python (D:1)
  An endoplasm (D:1)
  5 giant cockroaches (D:1)
  A goblin (D:1)
  4 hobgoblins (D:1)
  4 kobolds
  A quokka (D:1)
  3 bats (D:1)
  A frilled lizard (D:1)
  A rat (D:1)
25 creatures vanquished.

Notes
Turn   | Place    | Note
-------+----------+-------------------------------------------
     0 | D:1      | Think the Octopode Fighter began the quest for the Orb.
     0 | D:1      | Reached XP level 1. HP: 16/16 MP: 1/1
   250 | D:1      | Reached XP level 2. HP: 16/21 MP: 2/2
   533 | D:1      | Reached XP level 3. HP: 19/26 MP: 3/3
  1134 | D:2      | Found an ancient bone altar of Kikubaaqudgha.
  1139 | D:2      | Slain by a gnoll

Illustrated notes

Levels and vault maps discovered:
D:1:      minmay_arrival_semitransparent, layout_loops_ring, serial_rivers,
          chequers_serial_rivers_small_a, chequers_serial_rivers_large_b,
          chequers_serial_rivers_micro_d, chequers_serial_rivers_small_3,
          chequers_serial_rivers_room_b
D:2:      layout_basic, basic_altar, uniq_natasha

Action                   || total
-------------------------++-------
Melee: Rapier            ||    33
       Tentacles         ||    12
       Constrict         ||    15
       Short sword       ||    15
 Stab: Sleeping          ||     2
Armor: Skin              ||     3
Dodge: Dodged            ||    27
Block: Kite shield       ||    14

Table legend: (Time is in decaauts)
 A = Elapsed time spent in this place.
 B = Non-inter-level travel time spent in this place.
 C = Inter-level travel time spent in this place.
 D = Time resting spent in this place.
 E = Time spent auto-exploring this place.
 F = Levels seen in this place.
 G = Mean time per level.
                   A        B        C        D        E       F      G
               +--------+--------+--------+--------+--------+-----+--------+
         Total |   1153 |   1096 |     57 |      0 |    932 |   2 |  576.5 |
       Dungeon |   1153 |   1096 |     57 |      0 |    932 |   2 |  576.5 |
               +--------+--------+--------+--------+--------+-----+--------+

Top non-repeatable levels by time:
     D:1: 1110 daAuts
     D:2: 42 daAuts
